Map: Eternal Empire LE

Players

LiquidTLO (TLO)

  • Race: Zerg Zerg
  • League: Master
  • Spawn Location: 1:00

Future - Winner!

  • Race: Terran Terran
  • Spawn Location: 7:00

Event: DreamHack SC2 Masters 2020 Fall

VOD

Have the link to the VOD?

Description

Time

  • Played on: Sept. 4, 2020, 7:01 p.m.
  • Length: 13:13

All games in this series

Show
View Real Time Build Order
Export as new Build Order

LiquidTLO Zerg 

Build Orders: Hatch First 

Get SALT Encoding   

  12  0:00  Drone  
  13  0:12  Overlord  
  13  0:17  Drone  
  14  0:30  Drone  
  14  0:31  Drone  
  16  0:48  Hatchery  
  15  0:50  Drone  
  15  0:55  Drone  
  17  0:59  Drone  
  18  1:05  Extractor  
  17  1:13  Spawning Pool  
  17  1:18  Drone  
  17  1:20  Drone  
  18  1:28  Drone  
  19  1:38  Drone  
  20  1:49  Overlord  
  20  2:00  Queen  
  20  2:01  Queen  
  24  2:02  Zergling x4  
  24  2:07  Metabolic Boost  
  26  2:11  Drone  
  26  2:14  Drone  
  28  2:21  Drone x2  
  29  2:38  Drone  
  29  2:41  Hatchery  
  29  2:45  Drone x2  
  29  2:49  Queen  
  33  2:54  Overlord  
  33  2:58  Zergling x2  
  34  2:59  Zergling x2  
  34  3:04  Overlord  
  35  3:06  Drone  
  35  3:12  Overlord  
  36  3:14  Drone x2  
  36  3:16  Drone  
  36  3:18  Drone  
  40  3:25  Queen  
  42  3:30  Drone  
  43  3:37  Drone  
  43  3:38  Drone  
  45  3:43  Drone  
  45  3:44  Drone  
  45  3:45  Drone  
  45  3:46  Queen  
  45  3:47  Drone  
  50  3:50  Drone  
  50  3:53  Drone  
  50  3:54  Evolution Chamber  
  50  3:55  Drone  
  52  3:57  Drone  
  52  3:58  Drone  
  52  4:00  Drone  
  52  4:01  Drone  
  56  4:05  Drone  
  57  4:11  Evolution Chamber, Queen  
  58  4:17  Overlord  
  58  4:20  Zerg Ground Armor Level 1  
  58  4:23  Overlord  
  58  4:26  Overlord  
  58  4:27  Extractor  
  58  4:30  Overlord  
  58  4:31  Drone  
  58  4:36  Zergling x2  
  58  4:37  Zergling x6  
  61  4:39  Drone  
  61  4:41  Drone x2  
  61  4:43  Drone  
  61  4:45  Drone  
  66  4:47  Zergling x2  
  66  4:50  Drone  
  66  4:51  Drone  
  68  4:53  Drone  
  68  4:55  Zergling x2  
  68  4:58  Drone  
  68  4:59  Drone  
  67  5:01  Drone  
  67  5:07  Zerg Melee Weapons Level 1  
  63  5:08  Drone x5  
  63  5:12  Lair  
  63  5:13  Drone  
  69  5:14  Drone  
  69  5:19  Drone  
  71  5:21  Zergling x2  
  71  5:25  Zergling x4  
  71  5:26  Baneling Nest  
  73  5:32  Hatchery  
  73  5:33  Zergling x2  
  73  5:34  Zergling x2  
  74  5:36  Zergling x2  
  74  5:37  Zergling x2  
  74  5:39  Overlord  
  74  5:40  Drone  
  74  5:42  Overlord  
  77  5:44  Drone  
  77  5:47  Overlord  
  77  5:48  Zergling x4  
  77  5:49  Zergling x2  
  81  5:51  Overlord  
  81  5:53  Overlord  
  81  5:55  Zergling x2  
  82  5:58  Zergling x2  
  82  6:02  Zergling x2  
  82  6:03  Zergling x2  
  82  6:04  Zergling x4  
  86  6:08  Zergling x2  
  88  6:12  Overlord, Hatchery  
  88  6:13  Zergling x4  
  88  6:14  Centrifical Hooks  
  88  6:17  Zergling x2  
  90  6:20  Zergling x2  
  90  6:22  Zergling x2  
  90  6:25  Zergling x4  
  93  6:32  Drone x3  
  96  6:35  Drone  
  96  6:39  Zergling x2  
  98  6:40  Baneling, Zergling x2  
  98  6:46  Zerg Ground Armor Level 2, Zergling x4  
  101  6:49  Zergling x14  
  108  6:56  Drone  
  108  6:57  Extractor  
  108  6:58  Extractor, Zergling x2  
  108  7:00  Zergling x2  
  108  7:01  Zergling x2  
  106  7:03  Baneling  
  106  7:04  Baneling x4  
  106  7:05  Drone  
  106  7:06  Zergling x2  
  108  7:10  Zergling x4  
  108  7:13  Zergling x2  
  108  7:14  Zergling x2, Spore Crawler  
  108  7:15  Spore Crawler  
  110  7:22  Zergling x2  
  109  7:28  Zergling x14  
  102  7:32  Drone  
  102  7:33  Zergling x2  
  102  7:34  Infestation Pit  
  102  7:35  Drone  
  104  7:38  Drone  
  104  7:40  Zergling x8  
  109  7:46  Zergling x2, Unknown  
  109  7:47  Zergling x2  
  109  7:49  Drone, Zergling x2  
  109  7:50  Zergling x4  
  100  7:52  Zergling x2  
  100  7:53  Baneling x6  
  100  7:54  Baneling x4  
  100  7:56  Drone  
  103  7:58  Drone x4  
  103  8:00  Zergling x2  
  103  8:01  Zergling x2  
  103  8:03  Zergling x6  
  111  8:06  Drone  
  111  8:08  Zergling x2  
  111  8:10  Zergling x2  
  111  8:11  Hive, Zergling x2  
  115  8:14  Zergling x2  
  115  8:17  Burrow  
  115  8:19  Zergling x2  
  117  8:22  Zergling x2  
  117  8:23  Baneling, Zergling x4  
  117  8:24  Baneling x3  
  117  8:26  Drone  
  119  8:28  Zergling x2, Baneling  
  119  8:31  Zergling x8  
  119  8:32  Zergling x2  
  124  8:34  Spore Crawler  
  124  8:36  Overlord, Spore Crawler  
  124  8:37  Zerg Melee Weapons Level 2  
  124  8:39  Zergling x2  
  123  8:42  Zergling x2  
  123  8:43  Zergling x8  
  123  8:46  Zergling x2  
  128  8:49  Zergling x2  
  128  8:50  Zergling x10  
  128  8:55  Zergling x2  
  132  8:56  Drone, Baneling x10  
  132  8:57  Extractor  
  132  8:58  Extractor  
  132  8:59  Drone x3, Hatchery  
  132  9:01  Drone x2  
  132  9:02  Baneling x2  
  135  9:03  Drone  
  135  9:06  Baneling  
  135  9:07  Drone x2  
  135  9:08  Drone  
  135  9:09  Drone  
  140  9:14  Baneling x2  
  140  9:15  Drone  
  141  9:18  Zergling x2  
  141  9:19  Zergling x2  
  141  9:21  Zergling x6  
  144  9:29  Baneling  
  144  9:32  Ultralisk Cavern  
  144  9:33  Zergling x14  
  144  9:38  Zergling x2  
  150  9:39  Overlord  
  150  9:40  Overlord  
  150  9:42  Zergling x2  
  150  9:43  Zergling x2  
  146  9:51  Pneumatized Carapace  
  146  9:52  Overseer  
  117  9:53  Zergling x4  
  117  9:54  Zerg Ground Armor Level 3  
  117  9:56  Zergling x2  
  117  9:59  Zergling x2  
  121  10:01  Zergling x2  
  121  10:02  Zergling x2  
  121  10:03  Zergling x2  
  121  10:04  Zergling x2  
  125  10:10  Zergling x2  
  125  10:11  Zergling x20  
  108  10:14  Zergling x2  
  108  10:16  Baneling x10  
  108  10:18  Zergling x2  
  108  10:19  Zergling x2  
  110  10:22  Chitinous Plating  
  110  10:23  Zergling x8  
  110  10:24  Baneling x6  
  110  10:25  Zergling x2  
  110  10:26  Zergling x2  
  116  10:30  Zergling x2  
  116  10:31  Baneling x3  
  116  10:32  Baneling  
  115  10:38  Zergling x12  
  115  10:42  Zergling x2  
  118  10:43  Zergling x2  
  118  10:44  Zergling x2  
  118  10:47  Zergling x2  
  115  10:51  Zergling x2  
  115  10:52  Zergling x10  
  115  10:55  Zergling x2  
  109  10:57  Zergling x2  
  109  10:58  Zergling x2  
  109  11:00  Zergling x2  
  109  11:02  Ultralisk x2  
  123  11:07  Zergling x2  
  121  11:14  Zergling x6  
  121  11:16  Zergling x4  
  118  11:19  Zergling x6  
  118  11:20  Zergling x2  
  116  11:31  Hatchery  
  116  11:32  Ultralisk  
  120  11:34  Drone  
  120  11:35  Drone  
  120  11:38  Ultralisk  
  120  11:39  Drone x2  
  130  11:40  Anabolic Synthesis  
  130  11:44  Baneling  
  130  11:45  Baneling x3  
  128  11:51  Zergling x16  
  136  12:08  Zergling x4  
  126  12:12  Ultralisk  
  125  12:23  Zergling x2  
  125  12:25  Zergling x2  
  125  12:27  Ultralisk  
  125  12:28  Ultralisk  
  128  12:30  Zergling x2, Baneling x4  
  128  12:33  Baneling x4  
  128  12:34  Zergling x2  
  116  12:37  Zergling x16  
  116  12:39  Extractor  
  116  12:41  Extractor  
  115  12:49  Zergling x4  
  115  12:50  Zergling x6  
  110  12:52  Zergling x2  
Show
View Real Time Build Order
Export as new Build Order

Future Terran - Winner!

Build Orders: Hellion Opening, Reaper Expand 

Get SALT Encoding   

  12  0:00  SCV  
  13  0:12  SCV  
  14  0:17  Supply Depot  
  14  0:24  SCV  
  15  0:39  Barracks, SCV  
  16  0:44  Refinery  
  16  0:51  SCV  
  17  1:03  SCV  
  18  1:15  SCV  
  19  1:27  Orbital Command, Reaper  
  20  1:40  Command Center  
  20  1:50  Supply Depot  
  20  1:53  SCV  
  21  1:58  Marine  
  22  2:05  SCV  
  22  2:08  Factory  
  23  2:14  Refinery  
  23  2:17  SCV  
  23  2:21  Barracks Reactor  
  24  2:29  SCV  
  25  2:41  SCV  
  26  2:52  Orbital Command  
  26  2:54  Starport  
  26  2:55  SCV  
  27  3:02  Hellion  
  27  3:03  Hellion  
  27  3:05  Barracks Tech Lab  
  31  3:07  SCV  
  32  3:16  Supply Depot  
  32  3:18  SCV  
  32  3:19  SCV  
  34  3:23  Hellion  
  34  3:24  Stimpack, Hellion  
  38  3:30  SCV  
  38  3:32  SCV  
  40  3:37  Viking  
  41  3:46  SCV  
  41  3:48  SCV  
  42  3:50  Hellion  
  42  3:51  Hellion  
  42  3:53  Marine  
  47  3:58  SCV  
  47  4:00  SCV  
  47  4:02  Supply Depot  
  49  4:10  Starport Reactor, SCV  
  49  4:12  SCV  
  51  4:18  Command Center  
  51  4:22  SCV, Marine  
  53  4:24  SCV  
  53  4:28  Factory Tech Lab  
  54  4:32  Barracks  
  54  4:34  SCV  
  54  4:35  Barracks  
  54  4:36  SCV  
  56  4:41  Supply Depot  
  56  4:46  SCV  
  56  4:48  SCV  
  56  4:51  Engineering Bay  
  56  4:52  Engineering Bay  
  58  4:54  Marine  
  58  4:58  SCV  
  58  5:00  SCV  
  52  5:10  SCV  
  52  5:11  Refinery x2  
  52  5:12  SCV, Marine  
  52  5:13  Combat Shield  
  51  5:14  Siege Tank  
  51  5:17  Starport Reactor  
  51  5:19  Terran Infantry Weapons Level 1  
  51  5:21  Terran Infantry Armor Level 1  
  54  5:23  SCV  
  54  5:24  SCV  
  54  5:28  Marine x3  
  58  5:29  Marine  
  58  5:30  Orbital Command  
  58  5:35  SCV, Marine  
  61  5:36  SCV  
  63  5:45  Marine  
  63  5:46  Marine x3  
  63  5:47  SCV  
  63  5:49  SCV  
  69  5:50  Supply Depot  
  69  5:53  Marine  
  69  5:54  Orbital Command, Medivac, Siege Tank  
  75  5:57  Medivac  
  75  5:59  SCV  
  75  6:01  SCV  
  79  6:05  Supply Depot  
  79  6:06  Supply Depot  
  80  6:11  SCV  
  80  6:13  SCV  
  80  6:14  Marine x2  
  80  6:15  Marine x3  
  86  6:20  SCV  
  86  6:23  SCV  
  86  6:25  SCV  
  89  6:26  Supply Depot  
  89  6:27  Siege Tank, Supply Depot  
  89  6:28  Armory  
  92  6:34  SCV  
  92  6:35  SCV  
  92  6:37  SCV, Marine  
  92  6:39  Marine x2  
  96  6:40  Supply Depot  
  96  6:41  Supply Depot  
  96  6:42  Marine  
  96  6:43  Marine  
  96  6:46  SCV  
  99  6:47  SCV  
  99  6:50  SCV  
  100  6:58  Barracks, SCV  
  100  6:59  Barracks  
  100  7:00  Marine  
  100  7:01  Marine x3  
  102  7:02  Marine  
  106  7:08  SCV  
  106  7:10  Refinery x2  
  106  7:11  Factory  
  107  7:18  Siege Tank, Marine  
  107  7:19  Marine x2  
  107  7:21  Medivac x2  
  107  7:22  Marine  
  117  7:29  Marine  
  110  7:36  Terran Infantry Weapons Level 2, Marine x2  
  110  7:37  Marine  
  111  7:39  SCV  
  111  7:43  Marine  
  115  7:46  Marine  
  108  7:54  Marine x3  
  108  7:55  Barracks Reactor  
  108  7:56  Factory Reactor, Barracks Reactor  
  108  7:57  Siege Tank  
  110  7:58  Command Center  
  110  8:01  Marine  
  110  8:04  Drilling Claws, Marine  
  112  8:11  Medivac x2, Marine  
  112  8:12  Marine  
  118  8:14  Marine  
  118  8:19  Supply Depot, Marine  
  120  8:20  Supply Depot  
  120  8:22  Marine  
  121  8:29  Siege Tank, Marine  
  121  8:30  Marine  
  121  8:31  Marine x2  
  121  8:32  Marine x3  
  131  8:37  Marine  
  131  8:39  Supply Depot x2  
  131  8:40  Widow Mine x2, Marine  
  137  8:41  Medivac x2  
  137  8:44  Terran Infantry Armor Level 2  
  137  8:47  Marine  
  137  8:48  Marine  
  143  8:49  Marine x2  
  143  8:52  Marine  
  143  8:53  Marine x2  
  143  8:55  Marine  
  148  8:58  Marine  
  148  8:59  Missile Turret  
  148  9:00  Missile Turret  
  148  9:01  Missile Turret  
  148  9:02  Missile Turret  
  148  9:03  Missile Turret  
  148  9:05  Marine  
  148  9:06  Marine  
  148  9:07  Marine x2  
  152  9:10  Marine  
  152  9:11  Marine x2  
  152  9:12  Widow Mine x2, Thor  
  165  9:19  Marine  
  166  9:24  Marine  
  166  9:25  Marine  
  166  9:26  Marine x2  
  166  9:28  Medivac x2, Supply Depot  
  166  9:29  Supply Depot  
  166  9:30  Marine  
  166  9:31  Marine x3  
  177  9:37  Marine  
  178  9:42  Marine  
  179  9:52  Marine x5  
  162  9:58  Medivac x2, Widow Mine x2, Marine x2, Thor  
  179  10:12  Marine x4  
  179  10:13  Marine x3  
  173  10:19  Widow Mine x2  
  173  10:20  Barracks  
  173  10:21  Barracks  
  175  10:25  Barracks  
  175  10:35  Planetary Fortress  
  175  10:36  Marine x2  
  175  10:37  Marauder  
  172  10:44  Widow Mine x2  
  172  10:45  Widow Mine  
  172  10:47  Marine  
  172  10:48  Marine x5  
  181  10:50  SCV x2  
  181  10:53  SCV  
  175  10:58  Marauder  
  175  11:02  SCV  
  175  11:03  Marine  
  179  11:08  Marine x3  
  162  11:14  Marine  
  162  11:15  Marine  
  162  11:16  Marine  
  165  11:20  Widow Mine x2  
  165  11:25  Marine x3  
  166  11:27  Barracks Tech Lab x3  
  159  11:33  Command Center, Marine x2  
  161  11:45  Marine x2  
  161  11:46  Marauder x2, Marine x4  
  170  11:50  Concussive Shells  
  170  11:51  Marine x2  
  170  11:52  Widow Mine x2  
  170  11:53  Widow Mine, Marine x2  
  180  12:03  Marine  
  180  12:07  Marauder  
  180  12:08  Marauder, Marine x2  
  181  12:11  Marauder  
  181  12:12  Marine  
  181  12:13  Marauder, Marine x2  
  183  12:27  Marine  
  183  12:29  Marauder x2  
  170  12:31  Marine x5  
  170  12:32  Marine  
  170  12:33  Marauder  
  170  12:34  Marauder  
  169  12:50  Marauder  
  169  12:51  Marauder  

Tags
 
Add a new tag
Caveats
  • Supply blocks, unpowered buildings, or Contaminate may cause inaccurate times.
  • Supply counts are checked every 10 seconds.